 Dungeon Crawl Stone Soup version 0.31-a0-1469-gd420192249 (webtiles) character file.

Game seed: 1835990701001203057

240 Laraso the Ruffian (level 5, -1/40 HPs)
             Began as a Draconian Shapeshifter on Dec 28, 2023.
             Incinerated by a bombardier beetle (4 damage)
             ... with a burning spray
             ... on level 4 of the Dungeon.
             The game lasted 00:06:08 (2295 turns).

Laraso the Ruffian (Draconian Shapeshifter)         Turns: 2295, Time: 00:06:08

Health: -1/40      AC:  5    Str: 15 (16) XL:     5   Next: 80%
Magic:  5/5        EV: 17    Int:  9 (11) God:
Gold:   248        SH:  0    Dex:  9 (12) Spells: 4/4 levels left

rFire   . .          .
                       - Unarmed
rCold   . . .        (no shield)
rNeg    . . .        (body armour unavailable)
rPois   .            (helmet currently unavailable)
rElec   .            (cloak currently unavailable)
rCorr   .            (gloves currently unavailable)
SInv    .            (boots currently unavailable)
Will    +....        (no amulet)
Stlth   +            n - +5 ring of evasion
HPRegen 0.26/turn    i - ring of willpower
MPRegen 0.09/turn

%: no passive effects
@: on fire, beast-form, glowing
A: beast (slay +2), AC +5, unfitting armour, cold-blooded
a: Begin Untransformation


You were on level 4 of the Dungeon.
You were a hulking beast.
You visited 1 branch of the dungeon, and saw 4 of its levels.

You collected 248 gold pieces.

Inventory:

Jewellery
 i - a ring of willpower (right hand)
 n - a +5 ring of evasion (left hand)
Talismans
 b - a beast talisman (active)
 c - a flux talisman
Wands
 k - a wand of polymorph (10)
Scrolls
 d - a scroll of teleportation
 j - a scroll of enchant weapon {unknown}
Potions
 a - 3 potions of lignification
 f - a potion of attraction {unknown}
 g - 2 potions of invisibility
 h - a potion of haste {unknown}
 l - 2 potions of curing {unknown}
 m - a potion of heal wounds {unknown}
 o - a potion of cancellation {unknown}
 p - a potion of enlightenment {unknown}


   Skills:
 - Level 1.1 Fighting
 - Level 1.7 Dodging
 * Level 5.9 Unarmed Combat
 + Level 3.9 Shapeshifting


You had 4 spell levels left.
You didn't know any spells.
Your spell library was empty.

Dungeon Overview and Level Annotations

Branches:
Dungeon (4/15)
 Temple: D:4-7

Altars:

Annotations:
D:4 Natasha


Innate Abilities, Weirdness & Mutations

You are a hulking beast.
Your limbs bulge with bestial killing power. (Slay +2)
Your plain brown scales are hard. (AC +5)
You cannot fit into any form of body armour.
You are cold-blooded and may be slowed by cold attacks.


Message History

The bombardier beetle is lightly wounded.
The liquid fire burns you! The bombardier beetle bites you.
You hit the bombardier beetle.
The bombardier beetle is lightly wounded.
The liquid fire burns you!
You closely miss the bombardier beetle.
The bombardier beetle is lightly wounded.
The liquid fire burns you! The bombardier beetle bites you.
You punch the bombardier beetle!
The bombardier beetle is heavily wounded.
The liquid fire burns you!
You closely miss the bombardier beetle.
The bombardier beetle is heavily wounded.
The liquid fire burns you!
The bombardier beetle sprays incendiary fluid at you.
The burning spray hits you.
You are even more covered in liquid fire!
You hit the bombardier beetle.
Your tail-slap misses the bombardier beetle.
The bombardier beetle is severely wounded.
The liquid fire burns you!
You hit the bombardier beetle.
The bombardier beetle is almost dead.
The liquid fire burns you!
The bombardier beetle sprays incendiary fluid at you.
The burning spray hits you.
You are even more covered in liquid fire!
You punch the bombardier beetle!
You kill the bombardier beetle!
The liquid fire burns you!
* * * LOW HITPOINT WARNING * * *
You shake off some of the fire as you move.
The liquid fire burns you!
* * * LOW HITPOINT WARNING * * *
It was a potion of degeneration.
There was something very wrong with that liquid.
You feel weakened.
You feel dopey.
You feel clumsy. The liquid fire burns you!
You die...

.# ########## #.# ##
#....(...# #.# ..#
#........# ...###..
#.....<..# #.#..B#
#........# #.#...#
#........####.#...#
#........h.#...#
#........#.†...#
#......>.######...#
#..####### ..#...#
##..## ### .#
####....###### .
#..............#.[..
#....##....†........
#.##................


There were no monsters in sight!

Vanquished Creatures
  A bombardier beetle (D:4)
  A jelly (D:4)
  An orc priest (D:3)
  Jessica (D:3)
  Natasha (D:4)
  5 adders
  2 dart slugs (D:1)
  2 orcs (D:2)
  3 bats (D:2)
  6 endoplasms
  5 goblins (D:1)
  7 hobgoblins
  4 quokkas
  3 ball pythons
  2 kobolds
  4 rats
48 creatures vanquished.

Notes
Turn   | Place    | Note
-------+----------+-------------------------------------------
     0 | D:1      | Laraso the Draconian Shapeshifter began the quest for the
                  | Orb.
     0 | D:1      | Reached XP level 1. HP: 16/16 MP: 1/1
   220 | D:1      | Reached XP level 2. HP: 19/23 MP: 2/2
   457 | D:1      | Found a faded altar of an unknown god.
   494 | D:1      | Reached skill level 4 in Unarmed Combat
   761 | D:2      | Reached XP level 3. HP: 26/28 MP: 3/3
   819 | D:2      | You fall into a shaft and drop 2 floors!
   839 | D:4      | Noticed Natasha
   854 | D:4      | Killed Natasha
   855 | D:4      | Reached XP level 4. HP: 33/35 MP: 4/4
   905 | D:4      | Noticed Natasha
  1039 | D:3      | Noticed Jessica
  1744 | D:3      | Reached skill level 5 in Unarmed Combat
  1771 | D:3      | Killed Jessica
  1836 | D:3      | Reached XP level 5. HP: 40/40 MP: 5/5
  2294 | D:4      | HP: 2/40 [burnt (6)]
  2295 | D:4      | Incinerated by a bombardier beetle

Illustrated notes

Levels and vault maps discovered:
D:1:      dpeg_arrival_stone_temple_mockup, layout_loops_ring,
          dreamdust_ecumenical_altar_angels_and_demons, grunt_decor_one_mirror
D:2:      layout_basic, chequers_serial_rivers_small_3, serial_bayou_lagoon_a,
          kennysheep_minor_cross, due_unseen_surprise
D:3:      layout_rooms, uniq_jessica
D:4:      layout_rooms, nzn_hepliaklqana_mist_gate, hangedman_decor_lopped,
          nicolae_titane, uniq_duvessa, uniq_natasha, uniq_ijyb

Skill      XL: |  1  2  3  4 |
---------------+-------------+-----
Unarmed Combat | 4 5 |  5.9
Fighting       | |  1.1
Dodging        | |  1.7
Shapeshifting  | |  3.9

Action                     |  1- 3 |  4- 6 || total
---------------------------+-------+-------++-------
  Melee: Unarmed           |    60 |    90 ||   150
         Punch             |     1 |       ||     1
         Tailslap          |     5 |    11 ||    16
Ability: Begin Untransform |     1 |       ||     1
    Use: Scroll            |     2 |     4 ||     6
         Potion            |       |     1 ||     1
   Stab: Sleeping          |       |     1 ||     1
 Armour: Skin              |    27 |    32 ||    59
  Dodge: Dodged            |    29 |    62 ||    91
   Form: Beast             |     2 |       ||     2

Table legend: (Time is in decaauts)
 A = Elapsed time spent in this place.
 B = Non-inter-level travel time spent in this place.
 C = Inter-level travel time spent in this place.
 D = Time resting spent in this place.
 E = Time spent auto-exploring this place.
 F = Levels seen in this place.
 G = Mean time per level.
                   A        B        C        D        E       F      G
               +--------+--------+--------+--------+--------+-----+--------+
         Total |   2307 |   2246 |     61 |    148 |   1588 |   4 |  576.8 |
       Dungeon |   2307 |   2246 |     61 |    148 |   1588 |   4 |  576.8 |
               +--------+--------+--------+--------+--------+-----+--------+

Top non-repeatable levels by time:
     D:2: 862 daAuts
     D:1: 673 daAuts
     D:3: 537 daAuts
     D:4: 234 daAuts
